 Dungeon Crawl Stone Soup version 0.28-b1-25-g9875b3fc8c (webtiles) character file.

Game seed: 12278424582217515079

60 pkoi the Shooter (level 3, -1/45 HPs)
             Began as a Minotaur Hunter on Feb 2, 2022.
             Slain by a scorpion (2 damage)
             ... on level 2 of the Dungeon.
             The game lasted 00:01:03 (1878 turns).

pkoi the Shooter (Minotaur Hunter)                  Turns: 1878, Time: 00:01:04

Health: -1/45      AC: 21    Str: 18    XL:     3   Next: 80%
Magic:  2/2        EV:  2    Int:  8    God:
Gold:   86         SH:  0    Dex: 10    Spells: 2/2 levels left

rFire   . . .      SeeInvis .   b - +0 short sword
rCold   . . .      Faith    .   (no shield)
rNeg    . . .      Spirit   .   (armour currently unavailable)
rPois   +          Reflect  .   (helmet unavailable)
rElec   .          Harm     .   (cloak currently unavailable)
rCorr   .          Rampage  .   (gloves currently unavailable)
Will    .....      NoTele   +   (boots currently unavailable)
Stlth   ++........              (no amulet)
HPRegen 0.15/turn               (no ring)
MPRegen 0.08/turn               (no ring)

@: lethally poisoned (-1 -> -4), tree-form
A: stationary, stasis, torment immunity, boosted hp, (horns 3), (retaliatory
headbutt), (large bone plates 1), subdued magic 1
a: no special abilities


You were on level 2 of the Dungeon.
You were a tree.
You visited 1 branch of the dungeon, and saw 2 of its levels.

You collected 86 gold pieces.

Inventory:

Hand Weapons
 a - a +1 shortbow
 b - a +0 short sword (weapon)
Missiles
 d - 20 arrows
 f - 4 poisoned darts (quivered)
Armour
 c - a +0 leather armour (melded)
Jewellery
 k - a ring of protection from fire
Scrolls
 e - a scroll of amnesia {unknown}
 j - a scroll of magic mapping {unknown}


   Skills:
 - Level 2.4 Fighting
 * Level 5.5 Bows
 - Level 2.1 Dodging
 + Level 1.9 Stealth


You had 2 spell levels left.
You didn't know any spells.
Your spell library was empty.

Dungeon Overview and Level Annotations

Branches:
Dungeon (2/15)

Altars:


Innate Abilities, Weirdness & Mutations

You are a tree.
Your roots penetrate the ground, keeping you stationary.
You cannot be teleported.
You are immune to unholy pain and torment.
Your maximum health is greatly increased.
Your equipment is partially melded.
((You have a pair of large horns on your head.))
((You reflexively headbutt those who attack you in melee.))
((You are partially covered in large bone plates. (SH +4)))
Your spells are a little easier to cast, but a little less powerful.


Message History

You hit the scorpion but do no damage. You headbutt the scorpion.
Your punch misses the scorpion.
The scorpion is lightly wounded.
The bat misses you.
The jackal bites you but does no damage.
The scorpion stings you!
You are poisoned.
The scorpion poisons you! The jackal misses you.
You feel sick. The bat hits you.
* * * LOW HITPOINT WARNING * * *
You feel sick. The bat hits you but does no damage.
You feel sick. The bat barely misses you. You furiously retaliate!
You headbutt the bat.
You kill the bat!
It was a potion of curing.
You feel better. The scorpion stings you.
* * * LOW HITPOINT WARNING * * *
The scorpion stings you.
* * * LOW HITPOINT WARNING * * *
You are lethally poisoned!
The scorpion poisons you!
* * * LOW HITPOINT WARNING * * *
You feel very sick.
It was a potion of lignification.
You turn into a tree.
Your +0 leather armour melds into your body.
Your roots penetrate the ground.
* * * LOW HITPOINT WARNING * * *
You feel sick.
The scorpion stings you but does no damage.
You hit the scorpion.
The scorpion is moderately wounded.
* * * LOW HITPOINT WARNING * * *
You feel sick.
The scorpion stings you but does no damage.
Unknown command.
It was a potion of mutation.
You feel extremely strange. The horns on your head grow some more.
Your connection to magic feels subdued.
Large bone plates grow over parts of your arms.
* * * LOW HITPOINT WARNING * * *
You feel sick. The scorpion stings you.
You die...

###.### .. . #.....# .#
... ##.....#####.#.....
#........†.........
#####
##.....#####.#.....
....# #.....# ... ...
###.# ###h### .#... .
#.# #s# .$..... #.# #♣#
.. .... #.# #.# ### ###
#.# #.# #.# #.# #.#
#.## ##.## #..##
##...###########...####
......................+
##...#.#########...####


You could see a scorpion and a jackal.

Vanquished Creatures
  Jessica (D:2)
  A dart slug (D:1)
  2 ball pythons (D:1)
  3 bats
  4 endoplasms
  2 giant cockroaches (D:1)
  2 goblins
  3 hobgoblins (D:1)
  2 jackals (D:2)
  A kobold (D:1)
  2 quokkas (D:1)
  2 frilled lizards (D:1)
  2 rats (D:1)
27 creatures vanquished.

Notes
Turn   | Place    | Note
-------+----------+-------------------------------------------
     0 | D:1      | pkoi the Minotaur Hunter began the quest for the Orb.
     0 | D:1      | Reached XP level 1. HP: 18/18 MP: 0/0
    49 | D:1      | Reached skill level 1 in Stealth
   160 | D:1      | Reached XP level 2. HP: 20/25 MP: 1/1
   568 | D:1      | Reached skill level 5 in Bows
  1064 | D:1      | Found a faded altar of an unknown god.
  1359 | D:2      | Reached XP level 3. HP: 25/30 MP: 2/2
  1426 | D:2      | Noticed Jessica
  1431 | D:2      | Killed Jessica
  1863 | D:2      | Noticed a scorpion
  1877 | D:2      | HP: 2/45 [poisoned by a scorpion]
  1878 | D:2      | Gained mutation: You have a pair of large horns on your
                  | head. [potion of mutation]
  1878 | D:2      | Gained mutation: Your spells are a little easier to cast,
                  | but a little less powerful. [potion of mutation]
  1878 | D:2      | Gained mutation: You are partially covered in large bone
                  | plates. (SH +4) [potion of mutation]
  1878 | D:2      | Slain by a scorpion

Illustrated notes

Levels and vault maps discovered:
D:1:      dpeg_arrival_prison, layout_loops_corners,
          chequers_ecumenical_altar_simple_redux, kennysheep_doodads,
          minmay_misc_feat_doors
D:2:      layout_loops_corners, minmay_tetromino_t4, uniq_jessica

Skill      XL: |  1  2 |
---------------+-------+-----
Stealth        | 1 |  1.9
Bows           | 5 |  5.5
Fighting       | |  2.4
Dodging        | |  2.1

Action                   || total
-------------------------++-------
Melee: Short sword       ||    72
       Headbutt          ||    10
       Punch             ||     2
  Use: Potion            ||     3
 Stab: Sleeping          ||     3
Armor: Leather armour    ||    25
       Skin              ||     2
Dodge: Dodged            ||    44
